 Dungeon Crawl Stone Soup version 0.31.0-11-ge490571c62 (webtiles) character file.

Game seed: 23143650507890490

93 qw the Shooter (level 4, -3/25 HPs)
             Began as a Deep Elf Hunter on Feb 5, 2024.
             Frozen to death by an endoplasm (4 damage)
             ... on level 2 of the Dungeon.
             The game lasted 00:00:53 (1707 turns).

qw the Shooter (Deep Elf Hunter)                    Turns: 1707, Time: 00:00:55

Health: -3/25      AC:  7    Str: 10    XL:     4   Next: 37%
Magic:  6/6        EV: 11    Int: 14    God:
Gold:   82         SH:  0    Dex: 18    Spells: 3/3 levels left

rFire   . . .        a - +1 shortbow
rCold   . . .        (shield currently unavailable)
rNeg    . . .        e - +0 ring mail
rPois   .            h - +1 helmet
rElec   .            (no cloak)
rCorr   .            (no gloves)
SInv    .            (no boots)
Will    .....        (no amulet)
Stlth   +            (no ring)
HPRegen 0.24/turn    (no ring)
MPRegen 0.10/turn

%: no passive effects
@: no status effects
A: no striking features
a: no special abilities


You were on level 2 of the Dungeon.
You visited 1 branch of the dungeon, and saw 3 of its levels.

You collected 82 gold pieces.


   Skills:
 - Level 1.5 Fighting
 + Level 7.8 Ranged Weapons
 - Level 2.4 Dodging
 - Level 1.2 Stealth


You had 3 spell levels left.
You didn't know any spells.
Your spell library was empty.

Inventory:

Hand Weapons
 a - a +1 shortbow (weapon)
Armour
 e - a +0 ring mail (worn)
 h - a +1 helmet (worn)
Potions
 d - a potion of magic {unknown}
 f - a potion of mutation
 g - a potion of haste

Dungeon Overview and Level Annotations

Branches:
Dungeon (3/15)

Altars:

Shops:
D:1 *   D:2 (


Message History

The orc hits you with a +0 hand axe.
The endoplasm hits you but does no damage.
The orc hits you but does no damage.
You climb upwards.
There is a stone staircase leading down here.
You shoot an arrow. The arrow barely misses the orc.
The orc barely misses you. The orc hits you but does no damage.
The endoplasm freezes you.
You are frozen.
You shoot an arrow.
The arrow hits the orc but does no damage.
The orc barely misses you. The orc closely misses you.
The endoplasm closely misses you.
You shoot an arrow. The arrow closely misses the orc.
The orc hits you with a +0 whip. The orc barely misses you.
The endoplasm hits you.
You shoot an arrow. The arrow barely misses the orc.
The orc hits you but does no damage. The orc closely misses you.
The endoplasm hits you. The orc hits you with a +0 whip.
The orc hits you with a +0 hand axe.
The endoplasm hits you but does no damage.
You shoot an arrow. The arrow closely misses the orc.
The orc barely misses you. x2
The endoplasm freezes you.
You are frozen.
You shoot an arrow. The arrow hits the orc!
You kill the orc!
The orc barely misses you. The endoplasm closely misses you.
You shoot an arrow.
The arrow hits the orc but does no damage.
The orc completely misses you. The endoplasm freezes you.
You are frozen.
You shoot an arrow. The arrow barely misses the orc.
The orc hits you but does no damage. The endoplasm barely misses you.
You shoot an arrow. The arrow closely misses the orc.
The orc hits you with a +0 hand axe. The endoplasm freezes you.
You are frozen.
You die...

#.# #.# #.#.## # #.#
####.# #.#.# # #.###
#....# #.#.# # #...#
#.#### #.#.# # ###.#
#.# #.#.# # #.# #.#
####.#.# # #.# #.#
#......# # #.# #.#
#.##.### #.###.###@##.#
## #.##.#..Jo)..#
#####. #.#.###.#.####
#.%... #..## ##..#
#.###.
###.###.#.###########.#
##
##.#.##........>.##.#
##.###..#######.##.#
#..............##.#
#.##....#####..##)#


You could see an orc and an endoplasm.

Vanquished Creatures
  An orc priest (D:2)
  2 adders
  2 ribbon worms (D:2)
  2 orcs (D:2)
  2 ball pythons (D:1)
  7 endoplasms
  2 giant cockroaches
  3 hobgoblins
  2 quokkas (D:1)
  2 frilled lizards
  5 goblins
  4 kobolds
  2 rats
36 creatures vanquished.

Notes
Turn   | Place    | Note
-------+----------+-------------------------------------------
     0 | D:1      | qw the Deep Elf Hunter began the quest for the Orb.
     0 | D:1      | Reached XP level 1. HP: 12/12 MP: 3/3
     0 | D:1      | 0 ||| qw: Version: 0.3-a-160-g6735b56
     0 | D:1      | 0 ||| qw: Game counter: 6255
     0 | D:1      | 0 ||| qw: Melee chars always use a shield: true
     0 | D:1      | 0 ||| qw: God list: Okawaru
     0 | D:1      | 0 ||| qw: Allow faded altars: false
     0 | D:1      | 0 ||| qw: Do Orc after clearing Dungeon:15 true
     0 | D:1      | 0 ||| qw: Do second Lair branch before Depths: true
     0 | D:1      | 0 ||| qw: Lair rune preference: random
     0 | D:1      | 0 ||| qw: Goals: Normal
     0 | D:1      | 0 ||| PLANNING D:1-11
    90 | D:1      | Found Ykiazy's General Store.
    98 | D:1      | 98 ||| SHOPLISTING +0 helmet (49 gold, have 0).
    98 | D:1      | 98 ||| SHOPLISTING potion of curing (33 gold, have 0).
   270 | D:1      | Reached XP level 2. HP: 16/16 MP: 4/4
   271 | D:1      | Reached skill level 6 in Ranged Weapons
   730 | D:1      | 730 ||| UPGRADING to +0 ring mail.
   740 | D:1      | 740 ||| DROPPING +0 leather armour.
   744 | D:1      | 744 ||| READING 3 scrolls labelled KUHAYZ XEFOEG.
   744 | D:1      | 744 ||| IDENTIFYING bubbling white potion
   745 | D:1      | 745 ||| READING 2 scrolls of identify.
   745 | D:1      | 745 ||| IDENTIFYING viscous coppery potion
   746 | D:1      | 746 ||| READING scroll of identify.
   746 | D:1      | 746 ||| IDENTIFYING scroll labelled IXTYAD KAGGOJ
   747 | D:1      | 747 ||| DROPPING scroll of butterflies.
   748 | D:1      | 748 ||| DROPPING scroll of blinking.
   809 | D:2      | 809 ||| STAIRDANCE
   826 | D:2      | 826 ||| STAIRDANCE
   833 | D:2      | 833 ||| STAIRDANCE
   843 | D:1      | Reached XP level 3. HP: 16/20 MP: 5/5
  1057 | D:2      | Found Qurch's Antique Weapon Boutique.
  1061 | D:2      | 1061 ||| SHOPLISTING orcbow (91 gold, have 45).
  1116 | D:2      | Reached skill level 7 in Ranged Weapons
  1238 | D:2      | Found a faded altar of an unknown god.
  1493 | D:2      | 1493 ||| UPGRADING to +0 helmet.
  1498 | D:2      | 1498 ||| READING scroll labelled OSCHUS ZANKYWNIA.
  1498 | D:2      | 1498 ||| ENCHANTING +0 helmet.
  1499 | D:2      | 1499 ||| READING scroll labelled NOM FEESCHUHU.
  1499 | D:2      | 1499 ||| ENCHANTING +0 shortbow.
  1564 | D:3      | 1564 ||| STAIRDANCE
  1595 | D:3      | 1595 ||| STAIRDANCE
  1597 | D:2      | HP: 1/20 [orc priest/divine providence (10)]
  1603 | D:2      | Reached XP level 4. HP: 2/25 MP: 6/6
  1697 | D:3      | 1697 ||| STAIRDANCE
  1705 | D:2      | HP: 5/25 [frozen (3)]
  1707 | D:2      | HP: 1/25 [orc/+0 hand axe (4)]
  1707 | D:2      | Frozen to death by an endoplasm

Levels and vault maps discovered:
D:1:      roadster_arrival_rocket_large, layout_basic, serial_shops, shop,
          minmay_nonomino_d4
D:2:      layout_loops_ring, serial_shops, nicolae_shop_back_alley_shop,
          shapermc_ecumenical_altar_mp_ritualfount
D:3:      layout_rooms, nicolae_qazlal_general_emergency,
          mainiacjoe_overflow_small_starburst, serial_shops, shop_fountains,
          chequers_serial_rivers_large_a, minmay_goblin_kobold_house

Skill      XL: |  1  2  3 |
---------------+----------+-----
Ranged Weapons | 6 7 |  7.8
Fighting       | |  1.5
Dodging        | |  2.4
Stealth        | |  1.2

Action                     |  1- 3 |  4- 6 || total
---------------------------+-------+-------++-------
   Fire: Shortbow          |   100 |     9 ||   109
    Use: Scroll            |     5 |       ||     5
 Armour: Leather armour    |     8 |       ||     8
         Ring mail         |    31 |    14 ||    45
  Dodge: Dodged            |    31 |    13 ||    44

Table legend:
 A = Non-vault XP
 B = Vault XP
 C = Vault XP percentage of total XP
 D = Non-vault monster count
 E = Vault monster count
 F = Vault count percentage of total count
                 A         B        C        D         E       F
            +---------+---------+-------+---------+---------+-------
      Total |     122 |      12 |   9.0 |      30 |       6 |  16.7
            +---------+---------+-------+---------+---------+-------
        D:1 |      35 |      12 |  25.5 |      14 |       6 |  30.0
        D:2 |      87 |       0 |   0.0 |      16 |       0 |   0.0
            +---------+---------+-------+---------+---------+-------
